Map: Écho EC

Players

Alan

  • Race: Protoss Protoss

AgCl - Winner!

  • Race: Protoss Protoss

VOD

Have the link to the VOD?

Description

Time

  • Played on: May 5, 2015, 7:49 a.m.
  • Length: 16:21
Show
View Real Time Build Order
Export as new Build Order

Alan Protoss 

Build Orders:  

Get SALT Encoding   

  12  0:01  Probe  
  13  0:15  Pylon  
  13  0:17  Probe  
  14  0:33  Probe (Chrono Boost)  
  14  0:35  Gateway  
  15  0:44  Assimilator  
  15  0:45  Probe (Chrono Boost)  
  16  0:51  Probe (Chrono Boost)  
  16  0:55  Assimilator  
  17  1:00  Pylon  
  17  1:10  Probe  
  18  1:22  Cybernetics Core  
  18  1:31  Zealot  
  18  1:32  Probe (Chrono Boost)  
  20  1:42  Probe (Chrono Boost)  
  21  1:50  Gateway, Probe (Chrono Boost)  
  22  2:02  Mothership Core (Chrono Boost)  
  22  2:07  Warp Gate  
  24  2:12  Stalker (Chrono Boost)  
  26  2:16  Probe  
  27  2:28  Probe  
  28  2:50  Probe (Chrono Boost)  
  28  2:51  Robotics Facility  
  29  2:53  Gateway  
  29  3:01  Probe (Chrono Boost)  
  30  3:07  Pylon  
  30  3:32  Nexus  
  30  3:33  Stalker (Chrono Boost)  
  30  3:59  Mothership Core  
  32  4:03  Stargate  
  30  4:16  Stalker  
  32  4:17  Stalker  
  32  4:18  Stalker  
  32  4:20  Probe  
  35  4:33  Probe  
  34  4:40  Stalker  
  34  4:41  Stalker  
  34  4:45  Probe  
  37  4:52  Void Ray  
  41  5:12  Observer (Chrono Boost)  
  42  5:18  Probe (Chrono Boost)  
  42  5:19  Probe (Chrono Boost)  
  44  5:31  Probe x2 (Chrono Boost), Pylon  
  44  5:34  Observer  
  48  5:35  Phoenix  
  47  5:37  Probe x2 (Chrono Boost)  
  51  5:46  Pylon  
  51  5:47  Forge  
  51  5:48  Probe  
  51  5:49  Probe  
  53  5:50  Pylon  
  53  5:54  Assimilator  
  53  5:56  Assimilator  
  53  6:00  Probe (Chrono Boost)  
  53  6:02  Probe (Chrono Boost)  
  55  6:04  Void Ray (Chrono Boost)  
  59  6:12  Probe (Chrono Boost)  
  59  6:14  Probe (Chrono Boost)  
  61  6:21  Probe (Chrono Boost), Robotics Bay  
  62  6:25  Probe  
  62  6:29  Probe  
  64  6:34  Pylon  
  62  6:43  Probe x2  
  61  6:49  Phoenix (Chrono Boost)  
  63  6:55  Pylon  
  63  6:56  Probe x2 (Chrono Boost)  
  65  7:06  Probe x2 (Chrono Boost)  
  67  7:11  Phoenix (Chrono Boost)  
  67  7:12  Probe  
  67  7:13  Probe  
  67  7:14  Nexus  
  71  7:22  Protoss Ground Weapons Level 1  
  71  7:31  Phoenix (Chrono Boost)  
  71  7:44  Protoss Air Weapons Level 1  
  71  7:46  Probe  
  72  7:55  Pylon  
  72  7:56  Pylon  
  72  7:58  Probe x2  
  73  7:59  Assimilator  
  73  8:01  Assimilator  
  73  8:03  Pylon  
  73  8:05  Pylon  
  74  8:12  Stalker x3, Pylon  
  84  8:35  Disruptor (Chrono Boost)  
  84  8:36  Photon Cannon  
  84  8:40  Photon Cannon  
  84  8:47  Stalker  
  86  8:48  Zealot x2  
  89  9:07  Void Ray  
  89  9:09  Zealot  
  99  9:10  Zealot  
  99  9:11  Disruptor  
  91  9:24  Stalker  
  91  9:29  Photon Cannon  
  93  9:32  Photon Cannon  
  93  9:34  Photon Cannon  
  93  9:35  Photon Cannon  
  87  9:40  Stalker x2  
  85  9:56  Void Ray (Chrono Boost)  
  95  10:09  Observer (Chrono Boost)  
  95  10:12  Probe x2  
  95  10:13  Probe  
  93  10:16  Protoss Ground Armor Level 1 (Chrono Boost)  
  93  10:19  Gateway  
  93  10:22  Gateway x2, Observer Gravitic Boosters (Chrono Boost)  
  93  10:24  Probe  
  93  10:25  Photon Cannon  
  93  10:27  Gateway  
  94  10:31  Gateway  
  94  10:32  Pylon  
  94  10:36  Twilight Council  
  94  10:39  Void Ray (Chrono Boost)  
  95  10:56  Immortal (Chrono Boost)  
  99  11:02  Stargate  
  99  11:04  Pylon  
  99  11:08  Probe x3  
  102  11:20  Probe, Photon Cannon  
  102  11:21  Probe x2  
  102  11:24  Photon Cannon  
  105  11:28  Pylon  
  105  11:32  Fleet Beacon  
  109  11:40  Colossus (Chrono Boost)  
  109  11:42  Void Ray (Chrono Boost)  
  115  11:47  Dark Shrine  
  115  11:53  Phoenix (Chrono Boost)  
  117  12:20  Stalker x4  
  117  12:21  Stalker x2  
  125  12:27  Phoenix (Chrono Boost)  
  127  12:35  Mothership Core (Chrono Boost), Photon Cannon  
  127  12:36  Pylon  
  129  12:42  Phoenix (Chrono Boost)  
  131  12:51  Protoss Ground Weapons Level 2 (Chrono Boost)  
  131  12:54  Zealot x2  
  135  13:12  Forge  
  135  13:14  Protoss Air Weapons Level 2 (Chrono Boost)  
  135  13:17  Cybernetics Core  
  135  13:19  Pylon x2  
  135  13:21  Pylon  
  135  13:22  Pylon  
  134  13:49  Templar Archives  
  134  13:54  Phoenix x2 (Chrono Boost)  
  133  14:14  Phoenix x2 (Chrono Boost)  
  133  14:15  Nexus  
  137  14:18  Zealot x2  
  137  14:19  Zealot x6  
  153  14:35  Phoenix x2  
  155  14:55  Probe x2  
  155  14:58  Pylon  
  157  15:02  Assimilator  
  157  15:06  Assimilator  
  157  15:08  High Templar x2  
  157  15:11  Pylon  
  161  15:15  Pylon  
  152  16:00  Stalker  
  152  16:01  Stalker  
  152  16:02  Stalker x4  
  152  16:03  Stalker  
Show
View Real Time Build Order
Export as new Build Order

AgCl Protoss - Winner!

Build Orders: Phoenix Opening, Phoenix Opening 

Get SALT Encoding   

  12  0:02  Probe  
  13  0:16  Pylon  
  13  0:19  Probe  
  14  0:29  Assimilator  
  14  0:38  Gateway  
  14  0:40  Probe  
  15  0:52  Probe (Chrono Boost)  
  16  1:01  Probe (Chrono Boost)  
  17  1:05  Assimilator  
  17  1:09  Probe  
  18  1:15  Pylon  
  18  1:21  Probe  
  19  1:30  Cybernetics Core  
  19  1:33  Probe (Chrono Boost)  
  20  1:44  Probe (Chrono Boost)  
  21  1:51  Probe (Chrono Boost)  
  22  2:02  Probe (Chrono Boost)  
  22  2:07  Stargate  
  22  2:08  Warp Gate (Chrono Boost)  
  23  2:15  Mothership Core (Chrono Boost)  
  25  2:20  Pylon  
  25  2:29  Probe  
  26  2:44  Probe, Robotics Facility  
  26  2:57  Void Ray (Chrono Boost)  
  30  2:59  Probe  
  31  3:07  Stalker  
  33  3:15  Gateway, Probe  
  34  3:33  Phoenix (Chrono Boost)  
  36  3:39  Observer  
  37  3:42  Probe  
  38  3:49  Gateway  
  38  4:15  Nexus  
  36  4:49  Pylon  
  36  5:00  Probe  
  36  5:04  Phoenix  
  33  5:13  Immortal (Chrono Boost)  
  36  5:16  Probe  
  36  5:19  Pylon  
  37  5:25  Forge  
  37  5:29  Probe (Chrono Boost), Phoenix  
  40  5:41  Probe (Chrono Boost)  
  46  5:42  Immortal (Chrono Boost)  
  46  5:43  Probe (Chrono Boost), Assimilator  
  46  5:46  Assimilator  
  46  5:48  Probe (Chrono Boost)  
  46  5:49  Pylon  
  49  5:50  Mothership Core (Chrono Boost)  
  48  5:58  Probe  
  48  6:00  Protoss Ground Weapons Level 1 (Chrono Boost)  
  49  6:09  Photon Cannon  
  49  6:10  Probe x2, Observer (Chrono Boost)  
  52  6:22  Probe  
  52  6:23  Probe  
  52  6:25  Gateway  
  54  6:30  Pylon  
  54  6:31  Twilight Council  
  54  6:33  Observer  
  54  6:34  Probe  
  54  6:35  Probe  
  57  6:50  Probe (Chrono Boost)  
  59  6:57  Probe (Chrono Boost)  
  59  7:00  Probe (Chrono Boost)  
  60  7:01  Stalker  
  62  7:14  Nexus  
  62  7:26  Probe (Chrono Boost)  
  62  7:29  Probe (Chrono Boost)  
  64  7:36  Probe (Chrono Boost)  
  65  7:40  Protoss Air Weapons Level 1  
  64  7:45  Dark Shrine  
  64  7:47  Probe (Chrono Boost)  
  64  7:48  Probe (Chrono Boost)  
  65  7:56  Probe (Chrono Boost)  
  65  7:57  Probe (Chrono Boost)  
  67  8:04  Stargate  
  67  8:05  Probe  
  68  8:06  Stargate  
  68  8:10  Pylon  
  68  8:13  Gateway  
  66  8:27  Probe  
  67  8:28  Assimilator  
  67  8:30  Pylon  
  67  8:31  Probe, Pylon  
  68  8:36  Phoenix (Chrono Boost)  
  68  8:39  Gateway  
  68  8:40  Probe  
  71  8:42  Probe, Gateway  
  71  8:43  Assimilator  
  71  8:48  Probe  
  73  8:54  Phoenix  
  72  9:03  Dark Templar x4  
  75  9:10  Phoenix x2 (Chrono Boost)  
  71  9:26  Probe x2, Phoenix (Chrono Boost)  
  75  9:31  Phoenix (Chrono Boost)  
  75  9:37  Pylon  
  75  9:41  Phoenix  
  75  9:44  Phoenix  
  71  9:53  Phoenix (Chrono Boost)  
  65  10:04  Observer  
  65  10:05  Stalker x4  
  65  10:06  Stalker  
  73  10:08  Protoss Air Armor Level 1 (Chrono Boost)  
  73  10:14  Probe x2 (Chrono Boost)  
  78  10:18  Phoenix (Chrono Boost)  
  78  10:19  Probe (Chrono Boost), Protoss Ground Weapons Level 2 (Chrono Boost), Phoenix (Chrono Boost)  
  84  10:21  Phoenix (Chrono Boost)  
  84  10:25  Probe (Chrono Boost)  
  84  10:27  Probe (Chrono Boost)  
  87  10:29  Mothership Core (Chrono Boost)  
  87  10:34  Probe (Chrono Boost)  
  87  10:35  Probe (Chrono Boost)  
  89  10:43  Probe  
  89  10:44  Probe  
  89  10:45  Probe  
  90  10:55  Probe (Chrono Boost)  
  90  10:56  Photon Cannon  
  92  11:01  Probe (Chrono Boost)  
  92  11:02  Fleet Beacon  
  92  11:03  Observer (Chrono Boost), Pylon  
  94  11:04  Probe (Chrono Boost)  
  94  11:06  Probe (Chrono Boost)  
  94  11:09  Phoenix x2 (Chrono Boost)  
  99  11:25  Probe  
  100  11:26  Zealot  
  100  11:29  Probe  
  100  11:31  Probe  
  104  11:35  Nexus, Pylon  
  104  11:41  Photon Cannon  
  104  11:42  Carrier (Chrono Boost)  
  104  11:49  Carrier (Chrono Boost)  
  104  11:58  Protoss Air Weapons Level 2 (Chrono Boost)  
  104  12:01  Gateway  
  104  12:03  Pylon  
  104  12:04  Assimilator  
  104  12:05  Carrier (Chrono Boost)  
  104  12:06  Gateway  
  104  12:07  Pylon, Assimilator  
  104  12:08  Gateway  
  116  12:16  Anion Pulse-Crystals  
  122  12:34  Photon Cannon  
  122  12:40  Protoss Ground Weapons Level 3 (Chrono Boost)  
  122  12:46  Charge  
  122  12:55  Carrier (Chrono Boost)  
  122  12:57  Probe  
  127  13:16  Graviton Catapult  
  127  13:27  Gateway  
  127  13:29  Carrier x2 (Chrono Boost)  
  127  13:31  Photon Cannon  
  127  13:32  Pylon  
  139  14:01  Carrier (Chrono Boost)  
  137  14:13  Gateway  
  137  14:19  Gateway  
  143  14:28  Carrier (Chrono Boost)  
  143  14:30  Carrier (Chrono Boost)  
  133  14:46  Assimilator x2  
  133  14:47  Nexus, Pylon  
  145  14:54  Carrier (Chrono Boost)  
  145  15:05  Gateway  
  145  15:06  Pylon  
  145  15:09  Gateway  
  151  15:15  Pylon  
  151  15:17  Pylon  
  151  15:31  Pylon  
  147  15:43  Pylon  
  123  16:11  Dark Templar x3  
  123  16:12  Dark Templar x4  
Tags
 
Add a new tag
Caveats
  • Supply blocks, unpowered buildings, or Contaminate may cause inaccurate times.
  • Supply counts are checked every 10 seconds.